 Dungeon Crawl Stone Soup version 0.30-a0-782-ge64f9170bb (webtiles) character file.

Game seed: 3749827239837571642

100 theswoord the Slasher (level 4, 0/35 HPs)
             Began as a Demonspawn Cinder Acolyte on Mar 16, 2023.
             Was a High Priest of Ignis.
             Frozen to death by an endoplasm (4 damage)
             ... on level 2 of the Dungeon.
             The game lasted 00:01:41 (1565 turns).

theswoord the Slasher (Demonspawn Cinder Acolyte)   Turns: 1565, Time: 00:01:41

Health: 0/35       AC: 10    Str: 17    XL:     4   Next: 46%
Magic:  5/5        EV:  6    Int: 15    God:    Ignis [*****.]
Gold:   80         SH:  0    Dex:  8    Spells: 5/5 levels left

rFire   + . .      SeeInvis .    a - -1 falchion (flame)
rCold   . . .      Faith    .    (no shield)
rNeg    . . .      Spirit   .    d - +0 chain mail
rPois   .          Reflect  .    (no helmet)
rElec   .          Harm     .    i - scarf {+Inv}
rCorr   .          Rampage  .    (no gloves)
Will    .....                    (no boots) Stlth
                                 (no amulet)
HPRegen 0.25/turn                (no ring)
MPRegen 0.09/turn                (no ring)

@: hasted, very quick
A: yellow scales 1, weakness stinger 1
a: Renounce Religion, Evoke Invisibility, Fiery Armour, Foxfire Swarm, Rising
Flame


You were on level 2 of the Dungeon.
You worshipped Ignis.
Ignis was extremely pleased with you.
You visited 1 branch of the dungeon, and saw 2 of its levels.

You collected 80 gold pieces.

Inventory:

Hand Weapons
 a - a -1 falchion of flaming (weapon)
Armour
 b - a +0 robe
 d - a +0 chain mail (worn)
 i - a scarf of invisibility (worn)
 j - a +0 pair of boots
Scrolls
 c - 4 scrolls of identify
 e - a scroll of enchant armour
 f - a scroll of teleportation
Potions
 h - a potion of ambrosia {unknown}
 k - a potion of mutation {unknown}


   Skills:
 - Level 3.0 Fighting
 + Level 4.8 Long Blades
 - Level 1.0 Spellcasting
 - Level 2.6 Fire Magic


You had 5 spell levels left.
You didn't know any spells.
Your spell library contained the following spells:

 Spells                   Type           Power      Damage    Failure   Level
 Scorch                   Fire           16%        2d6       92%         2


Dungeon Overview and Level Annotations

Branches:
Dungeon (2/15)

Altars:


Innate Abilities, Weirdness & Mutations

You are partially covered in yellow scales. (AC +2)
You have a small tail.


Message History

The adder bites you but does no damage. The goblin hits you but does no damage.
The endoplasm freezes you.
You are frozen.
You hit the adder. You burn the adder.
You kill the adder!
You feel sick.
You are no longer poisoned.
The endoplasm freezes you.
You are frozen.
The goblin hits you but does no damage.
The giant cockroach bites you but does no damage.
You closely miss the giant cockroach. The endoplasm hits you.
The goblin hits you but does no damage.
The giant cockroach bites you but does no damage.
You hit the giant cockroach but do no damage.
The endoplasm hits you but does no damage.
The giant cockroach closely misses you. The goblin hits you with a +0 dagger.
You hit the giant cockroach but do no damage.
The giant cockroach bites you but does no damage.
The goblin hits you but does no damage. The endoplasm freezes you.
You are frozen.
* * * LOW HITPOINT WARNING * * *
You closely miss the giant cockroach. The giant cockroach bites you.
* * * LOW HITPOINT WARNING * * *
The goblin hits you with a +0 dagger.
* * * LOW HITPOINT WARNING * * *
The endoplasm freezes you.
You are frozen.
* * * LOW HITPOINT WARNING * * *
The giant cockroach bites you but does no damage.
You closely miss the giant cockroach. The endoplasm freezes you.
You are frozen.
* * * LOW HITPOINT WARNING * * *
The goblin hits you but does no damage. The giant cockroach bites you.
* * * LOW HITPOINT WARNING * * *
You feel yourself speed up. The endoplasm freezes you.
You are frozen.
You die...

....# #.# #.# #..#'#..##..#.###
.8..###.# #.###.##.##.##..#.#
#####...# #..#..#...#.....#.#
#.##...## ##...#######.#..#.#
#.#.#.#.### #...#...).#.#.[#.###
..........# #...#.....'....#...#
..#.#.#.#.# #..#########...###.#
..##...##.####..#B.....?#...###.#
.####...........@Jg....$#...[....
.# ####........#g.....?#.#....).
.# #..###.#.#########.#####.#
.#######..#...#..#.....'..####..#
..........#.#....#.....#.......##
..#..........#.#.#######.####..#
#..#...##...#..#..#...#..# #..#
#...#..##..#...##.##)##.## #..#
##...#....#....##..#'#..# #..#


You could see an endoplasm, a giant cockroach and 2 goblins.

Vanquished Creatures
  Ijyb (D:2)
  2 adders (D:2)
  2 worms (D:2)
  3 dart slugs
  3 ball pythons
  An endoplasm (D:2)
  2 giant cockroaches
  12 goblins
  3 hobgoblins
  A jackal (D:1)
  3 bats (D:1)
  3 frilled lizards (D:1)
  5 kobolds
  2 rats
43 creatures vanquished.

Notes
Turn   | Place    | Note
-------+----------+-------------------------------------------
     0 | D:1      | theswoord the Demonspawn Cinder Acolyte began the quest for
                  | the Orb.
     0 | D:1      | Reached XP level 1. HP: 18/18 MP: 2/2
   145 | D:1      | Reached skill level 3 in Long Blades
   287 | D:1      | Gained mutation: You are partially covered in yellow
                  | scales. (AC +2) [demonic ancestry]
   287 | D:1      | Reached XP level 2. HP: 24/24 MP: 3/3
   853 | D:2      | Gained mutation: You have a small tail. [demonic ancestry]
   853 | D:2      | Reached XP level 3. HP: 29/29 MP: 4/4
   964 | D:2      | Reached skill level 4 in Long Blades
  1024 | D:2      | Noticed Ijyb
  1034 | D:2      | Killed Ijyb
  1035 | D:2      | Reached XP level 4. HP: 20/35 MP: 5/5
  1130 | D:2      | Noticed an eye of devastation
  1143 | D:2      | Found a faded altar of an unknown god.
  1145 | D:2      | Noticed an eye of devastation
  1145 | D:2      | Noticed a great orb of eyes
  1145 | D:2      | Noticed a golden eye
  1565 | D:2      | Frozen to death by an endoplasm

Skill      XL: |  1  2  3 |
---------------+----------+-----
Long Blades    | 3 4 |  4.8
Fighting       | |  3.0
Spellcasting   | |  1.0
Fire Magic     | |  2.6

Action                     |  1- 3 |  4- 6 || total
---------------------------+-------+-------++-------
  Melee: Falchion          |   114 |    34 ||   148
         Tailslap          |     2 |     3 ||     5
 Invoke: Fiery Armour      |     1 |       ||     1
    Use: Scroll            |     2 |       ||     2
         Potion            |       |     1 ||     1
 Armour: Robe              |     7 |       ||     7
         Chain mail        |    59 |    21 ||    80
  Dodge: Dodged            |    40 |    12 ||    52

Levels and vault maps discovered:
D:1:      dreamdust_arrival_beginning_and_end, layout_loops_ring,
          kennysheep_decorative_pillar, minmay_tall_x
D:2:      kennysheep_the_goblin_king, layout_loops_ring,
          hellmonk_ecumenical_altar_watching_god, basic_altar, minivault_26,
          minmay_divided_ellipse
